 Dungeon Sprint DCSS version 0.31-a0-1620-gcbf77bbcfc (webtiles) character file.

Game seed: 16375816700074310780

14970 Conn the Thaumaturge (level 12, -1/84 HPs)
             Began as an Octopode Fire Elementalist on Jan 11, 2024.
             Was a High Priest of Sif Muna.
             Shot with an arrow by a deep elf master archer (31 damage)
             ... in the Dungeon (Sprint II: "The Violet Keep of Menkaure").
             The game lasted 00:40:52 (2848 turns).

Conn the Thaumaturge (Octopode Fire Elementalist)   Turns: 2848, Time: 00:40:52

Health: -1/84      AC:  3    Str:  6 (8)  XL:     12   Next: 22%
Magic:  19/28      EV: 17    Int: 26      God:    Sif Muna [*****.]
Gold:   253        SH:  5    Dex: 12      Spells: 3/36 levels left

rFire   + . .        q - +7 captain's cutlass {speed, disarm}
rCold   . . .        (no shield)
rNeg    + + .        d - +2 hat "Roechu Qogh" {^Drain +Inv rC- rCorr Int+4}
rPois   .            f - amulet of Relutei {Reflect rElec rN+ Regen+ rCorr SH+5}
rElec   +            h - ring of wizardry
rCorr   +            t - ring of protection from fire
SInv    .            w - ring of positive energy
Will    .....        x - ring of protection from cold
Stlth   +++++        (no ring)
HPRegen 1.14/turn    (no ring)
MPRegen 0.21/turn    (no ring)
                     (no ring)

%: no teleportation, reflection, wizardry (x1)
@: unable to call your familiar
A: almost no armour, amphibious, 8 rings, camouflage 1, gelatinous body 1,
(nimble swimmer 1), tentacles, deterioration 1, wild magic 1
a: Renounce Religion, Evoke Invisibility, Channel Magic, Forget Spell, Divine
Exegesis


You were in the Dungeon.
You worshipped Sif Muna.
Sif Muna was extremely pleased with you.
You visited 1 branch You collected 2948 gold pieces.
You spent 2695 gold pieces at shops.

Inventory:

Hand Weapons
 q - the +7 captain's cutlass (weapon) {speed, disarm}
   (You found it in the Dungeon)
 s - a +1 short sword
Missiles
 j - 5 poisoned darts (quivered)
Armour
 d - the +2 hat "Roechu Qogh" (worn) {^Drain +Inv rC- rCorr Int+4}
   (You acquired it in the Dungeon)

   Int+4:     It affects your intelligence (+4).
   rC-:       It makes you vulnerable to cold.
   +Inv:      It lets you turn invisible.
   rCorr:     It protects you from acid and corrosion.
   ^Drain:    It drains your maximum health when unequipped.
Jewellery
 f - the amulet of Relutei (around mantle) {Reflect rElec rN+ Regen+ rCorr SH+5}
   (You bought it in a shop in the Dungeon)

   [amulet of reflection]

   Reflect:   It reflects blocked missile attacks.
   rElec:     It insulates you from electricity.
   rN+:       It protects you from negative energy.
   Regen+:    It increases your rate of health regeneration.
   rCorr:     It protects you from acid and corrosion.
   SH+5:      It affects your SH (+5).
 h - a ring of wizardry (left tentacle)
 t - a ring of protection from fire (right tentacle)
 w - a ring of positive energy (on tentacle)
 x - a ring of protection from cold (on tentacle)
Scrolls
 e - 2 scrolls of enchant weapon
 l - a scroll of poison
 p - a scroll of fear {unknown}
 u - a scroll of butterflies
 y - a scroll of blinking
Potions
 a - 6 potions of magic
 b - 4 potions of curing
 c - 2 potions of heal wounds
 g - 3 potions of haste
 i - a potion of mutation
 k - 2 potions of resistance
 m - 9 potions of enlightenment
 n - 2 potions of might {unknown}
 o - a potion of lignification
 r - a potion of cancellation {unknown}
 v - a potion of invisibility {unknown}


   Skills:
 + Level 8.3 Fighting
 + Level 6.1(7.2) Short Blades
 - Level 5.9(7.2) Long Blades
 + Level 10.2 Dodging
 - Level 8.3 Stealth
 * Level 12.7 Spellcasting
 + Level 12.4 Conjurations
 - Level 5.0 Hexes
 - Level 5.0 Summonings
 - Level 5.0 Translocations
 * Level 11.6 Fire Magic
 - Level 5.0 Alchemy
 * Level 12.5 Invocations
 * Level 3.6 Evocations


You had 3 spell levels left.
You knew the following spells:

 Your Spells              Type           Power      Damage    Failure   Level
a - Foxfire               Conj/Fire      100%       2x1d9     1%          1
b - Scorch                Fire           100%       2d9       1%          2
c - Inner Flame           Hex/Fire       67%        N/A       1%          3
d - Orb of Destruction    Conj           40%        9d11      11%         7
e - Blink                 Tloc           100%       N/A       1%          2
g - Call Canine Familiar  Summ           53%        N/A       1%          3
h - Magic Dart            Conj           100%       1d8       1%          1
i - Irradiate             Conj/Alch      34%        3d23      1%          5
j - Starburst             Conj/Fire      40%        6d11      2%          6
k - Mephitic Cloud        Conj/Alch/Air  57%        N/A       1%          3

Your spell library contained the following spells:

 Spells                   Type           Power      Damage    Failure   Level
 Apportation              Tloc           100%       N/A       1%          1
 Kiss of Death            Conj/Necr      100%       2d13      1%          1
 Sting                    Conj/Alch      100%       1d9       1%          1
 Call Imp                 Summ           100%       N/A       1%          2
 Ensorcelled Hibernation  Hex/Ice        76%        N/A       1%          2
 Searing Ray              Conj           100%       2d8       1%          2
 Dazzling Flash           Conj/Hex       100%       N/A       1%          3
 Hailstorm                Conj/Ice       59%        3d11      1%          3
 Volatile Blastmotes      Fire/Tloc      100%       2d18      1%          3
 Brom's Barrelling Bould  Conj/Erth      59%        2d7       1%          4
 Flame Wave               Conj/Fire      80%        2d17      1%          4
 Iskenderun's Battlesphe  Conj           81%        2d13      1%          5
 Dimensional Bullseye     Hex/Tloc       26%        N/A       2%          4
 Anguish                  Hex/Necr       19%        N/A       7%          4
 Animate Dead             Necr           21%        N/A       19%         4
 Metabolic Englaciation   Hex/Ice        19%        N/A       19%         5
 Borgnjor's Vile Clutch   Necr/Erth      10%        N/A       41%         5
 Curse of Agony           Necr           21%        N/A       41%         5
 Ignition                 Fire           39%        3d12      63%         8
 Fire Storm               Conj/Fire      40%        8d10      100%        9


Dungeon Overview and Level Annotations

Branches:
Dungeon (1/1)

Altars:
Cheibriados
Dithmenos
Elyvilon
Fedhas
Gozag
Hepliaklqana
Kikubaaqudgha
Makhleb
Nemelex Xobeh
Okawaru
Qazlal
Ru
Sif Muna
Trog
Uskayaw
Vehumet
Wu Jian
Xom
Yredelemnul
Zin
The Shining One
Jiyva
Lugonu

Shops:
D (:=:*([?!!(?=*[=!:?[?![*::[

Annotations:
D exclusions: oklob plant and orange crystal statue


Innate Abilities, Weirdness & Mutations

You cannot wear most types of armour.
You are amphibious.
You can wear up to eight rings at the same time.
Your skin changes colour to match your surroundings (Stealth+).
Your rubbery body absorbs attacks. (AC +1, EV +1)
((You are camouflaged when in or above water. (Stealth+)))
You have tentacles for arms and can constrict up to eight enemies at once.
Your body sometimes deteriorates upon taking damage.
Your spells are a little harder to cast, but a little more powerful.


Message History

The deep elf master archer wields a +0 longbow.
The deep elf master archer shoots an arrow.
The arrow hits your inugami! Flame seeps out of your inugami.
Your inugami is engulfed in blazing flames.
Flame seeps out of your inugami.
Unknown command.
Casting: Inner Flame (safe; 1% risk of failure)
Confirm with . or Enter, or press ? or * to list all spells.
Okay, then.
Casting: Inner Flame (safe; 1% risk of failure)
Confirm with . or Enter, or press ? or * to list all spells.
Okay, then.
There is an open door, spattered with blood here.
Unknown command.
Okay, then.
Casting: Inner Flame (safe; 1% risk of failure)
Confirm with . or Enter, or press ? or * to list all spells.
Okay, then.
Unknown command.
You swap places.
There is an open door, spattered with blood here.
The deep elf master archer shoots an arrow.
The arrow barely misses you.
The deep elf master archer shoots an arrow.
The arrow completely misses you.
Casting: Inner Flame (safe; 1% risk of failure)
Confirm with . or Enter, or press ? or * to list all spells.
Aiming: Orb of Destruction (quite dangerous; 11% risk of failure)
Press: ? - help, Shift-Dir - straight line, f - deep elf master archer, p - inugami
Aim: a deep elf master archer, wielding a +0 longbow and wearing a +0 leather armour (black smoke)
The wavering orb of destruction weakly hits your inugami!!
Your inugami disappears in a puff of smoke!
Your inugami explodes!
The fiery explosion engulfs you! You resist.
You are engulfed in blazing flames.
You resist.
The deep elf master archer shoots an arrow.
The arrow hits you!!
The deep elf master archer shoots an arrow.
The arrow hits you!!
You die...

## .####+#### ▓▓▓ ##≈≈≈§§≈§## ..▓
#≈§≈§≈≈§≈≈## ▓▓+▓▓▓▓.▓
≈§§§§8≈≈≈≈≈##++## +...▓0..▓
#§§§§§§§≈≈##§§.^### #...▓▓▓▓▓▓▓▓▓
##§§§≈≈§ e≈§^...###○°.▓§§§≈≈§≈≈
~#+++#+++#####.§§^#.##":▓▓▓▓▓▓▓▓▓
~.))÷.....#..'§§@.#..#:○▓..[([..[
~~.##'##..#..####.#..#|[▓[..[[)..
~~##...##.####..'.##.#:)▓....)[..
~~#..#..#....#..#...####▓....(..[
####.#.####..#####..##.#▓.(......
#.###'###.##..#.†'..#..#▓.(.)(.).
...##.##...#..#.†#.÷#..#▓.....[..
###'.<.'##.'.§####..##.#▓..()....
...##.##.###.§!.###...##▓▓▓▓▓▓▓'▓


You could see a deep elf master archer.

Vanquished Creatures
  A kraken (D)
  Kirke (D)
  A crystal guardian (D)
  A yaktaur captain (D)
  A fire dragon (D)
  2 boulder beetles (D)
  An iron elemental (D)
  A centaur warrior (D)
  A skeletal warrior (D)
  2 deep trolls (D)
  2 death drakes (D)
  3 shining eyes (D)
  An elephant (D)
  2 cane toads (D)
  A yaktaur (D)
  A kobold demonologist (D)
  A hornet (D)
  3 polar bears (D)
  3 slime creatures (D)
  2 wyverns (D)
  3 yaks (D)
  2 redbacks (D)
  Menkaure (D)
  2 swamp drakes (D)
  3 black bears (D)
  4 crocodiles (D)
  A scorpion (D)
  5 necrophages (D)
  An iron imp (D)
  3 ribbon worms (D)
  5 tentacles (D)
61 creatures vanquished.

Vanquished Creatures (others)
  53 foxfires (D)
  29 tentacles (D)
82 creatures vanquished.

Grand Total: 143 creatures vanquished

Notes
Turn   | Place    | Note
-------+----------+-------------------------------------------
     0 | D        | Conn the Octopode Fire Elementalist began the quest for the
                  | Orb.
     0 | D        | Reached XP level 1. HP: 11/11 MP: 3/3
     1 | D        | Noticed a boulder beetle
     1 | D        | Noticed a boulder beetle
     4 | D        | Noticed a necrophage
     4 | D        | Noticed a necrophage
     4 | D        | Noticed a necrophage
     4 | D        | Noticed a necrophage
    12 | D        | Killed a necrophage
    13 | D        | Reached XP level 2. HP: 16/17 MP: 1/7
    13 | D        | Reached XP level 3. HP: 20/21 MP: 1/8
    13 | D        | Reached XP level 4. HP: 26/27 MP: 1/10
    17 | D        | Killed a necrophage
    18 | D        | Reached skill level 5 in Stealth
    18 | D        | Reached skill level 5 in Spellcasting
    18 | D        | Reached skill level 5 in Conjurations
    18 | D        | Reached XP level 5. HP: 24/31 MP: 1/12
    20 | D        | Reached skill level 5 in Fire Magic
    27 | D        | Reached skill level 5 in Dodging
    27 | D        | Reached XP level 6. HP: 8/36 MP: 2/15
    40 | D        | Learned a level 2 spell: Scorch
    44 | D        | Learned a level 3 spell: Inner Flame
    49 | D        | Learned a level 4 spell: Flame Wave
    54 | D        | Noticed an orange crystal statue
    56 | D        | Noticed Menkaure
    59 | D        | Killed Menkaure
    62 | D        | Found Runluargh's Book Shoppe.
    62 | D        | Found Cimuelapn's Antique Armour Emporium.
    63 | D        | Found Qushuy's Distillery.
    63 | D        | Found Nasua's Magic Scroll Emporium.
    63 | D        | Found Xastrinic's Antique Armour Emporium.
    64 | D        | Found Qaugo's Distillery.
    64 | D        | Found Pypik's Jewellery Emporium.
    64 | D        | Found Jan Gah's Book Emporium.
    64 | D        | Found Uwieptasch's Armour Shoppe.
    65 | D        | Found Peleref's Antique Weapon Shoppe.
    65 | D        | Found Moirch's Magic Scroll Emporium.
    65 | D        | Found Bahih's Distillery.
    65 | D        | Noticed a wyvern
    65 | D        | Noticed a wyvern
    68 | D        | Found Xoysiaz's Antique Armour Emporium.
    68 | D        | Noticed a wyvern
    68 | D        | Noticed an oklob plant
    69 | D        | Found Voasarur's Jewellery Shoppe.
    69 | D        | Found Erarog's Book Shoppe.
    71 | D        | Noticed an ice dragon
    73 | D        | Noticed a hell hog
    74 | D        | Noticed a hell hog
   102 | D        | Noticed an obsidian statue
   105 | D        | Noticed a wyvern
   117 | D        | Found a blossoming altar of Fedhas.
   117 | D        | Found an opulent altar of Gozag.
   118 | D        | Found a white marble altar of Elyvilon.
   119 | D        | Found a shadowy altar of Dithmenos.
   119 | D        | Found a corrupted altar of Lugonu.
   119 | D        | Found a burning altar of Makhleb.
   120 | D        | Found a sparkling altar of Nemelex Xobeh.
   120 | D        | Found a hide-covered altar of Uskayaw.
   121 | D        | Found a snail-covered altar of Cheibriados.
   121 | D        | Found an ancient bone altar of Kikubaaqudgha.
   121 | D        | Found a bloodstained altar of Trog.
   122 | D        | Found a viscous altar of Jiyva.
   122 | D        | Found a shimmering blue altar of Sif Muna.
   123 | D        | Found a hazy altar of Hepliaklqana.
   123 | D        | Found a sacrificial altar of Ru.
   124 | D        | Found a shimmering altar of Xom.
   125 | D        | Found a stormy altar of Qazlal.
   125 | D        | Found an ornate altar of the Wu Jian Council.
   125 | D        | Found a basalt altar of Yredelemnul.
   125 | D        | Found a glowing golden altar of the Shining One.
   126 | D        | Found a radiant altar of Vehumet.
   126 | D        | Found an iron altar of Okawaru.
   126 | D        | Found a glowing silver altar of Zin.
   131 | D        | Became a worshipper of Sif Muna the Loreminder
   152 | D        | Noticed a kraken
   302 | D        | Got Dantuamu's Handbook of the Throng and Jinxing
   353 | D        | Learned a level 2 spell: Blink
   356 | D        | Learned a level 2 spell: Call Imp
   360 | D        | Learned a level 3 spell: Call Canine Familiar
   362 | D        | Learned a level 1 spell: Magic Dart
   363 | D        | Identified a scroll of acquirement
   366 | D        | Acquired the +2 hat "Roechu Qogh" {^Drain +Inv rC- rCorr
                  | Int+4}
   551 | D        | Noticed a yaktaur
   551 | D        | Noticed a hornet
   551 | D        | Noticed a polar bear
   562 | D        | Killed a polar bear
   563 | D        | Reached skill level 1 in Fighting
   563 | D        | Reached skill level 1 in Hexes
   563 | D        | Reached skill level 1 in Summonings
   563 | D        | Reached skill level 1 in Translocations
   563 | D        | Reached XP level 7. HP: 33/43 MP: 5/18
   572 | D        | Killed a yaktaur
   572 | D        | Reached * piety under Sif Muna
   572 | D        | Killed a hornet
   573 | D        | Reached XP level 8. HP: 39/51 MP: 0/20
   693 | D        | Noticed a polar bear
   693 | D        | Noticed a polar bear
   697 | D        | Killed a polar bear
   697 | D        | Killed a polar bear
   697 | D        | Reached ** piety under Sif Muna
   698 | D        | Reached skill level 5 in Invocations
   810 | D        | Reached XP level 9. HP: 57/58 MP: 11/21
   863 | D        | Noticed a death drake
   925 | D        | Noticed a deep troll
   932 | D        | Noticed a deep troll
   933 | D        | Killed a deep troll
   933 | D        | Reached *** piety under Sif Muna
   947 | D        | Killed a deep troll
   948 | D        | Reached skill level 10 in Conjurations
  1183 | D        | Reached **** piety under Sif Muna
  1195 | D        | Reached skill level 5 in Fighting
  1195 | D        | Reached skill level 5 in Hexes
  1195 | D        | Reached skill level 5 in Summonings
  1346 | D        | Killed a boulder beetle
  1347 | D        | Reached skill level 10 in Spellcasting
  1347 | D        | Reached skill level 5 in Translocations
  1347 | D        | Reached XP level 10. HP: 66/66 MP: 0/24
  1361 | D        | Killed a boulder beetle
  1414 | D        | Reached ***** piety under Sif Muna
  1426 | D        | Bought a scroll of acquirement for 624 gold pieces
  1427 | D        | Acquired 789 gold pieces
  1441 | D        | Bought a book of Spontaneous Combustion for 418 gold pieces
  1447 | D        | Learned a level 5 spell: Irradiate
  1457 | D        | Bought the amulet of Relutei {Reflect rElec rN+ Regen+
                  | rCorr SH+5} for 538 gold pieces
  1457 | D        | Bought a ring of wizardry for 300 gold pieces
  1463 | D        | Bought a ring of protection from fire for 250 gold pieces
  1469 | D        | Bought a scroll of butterflies for 48 gold pieces
  1538 | D        | Found the +7 captain's cutlass {speed, disarm}
  1569 | D        | Noticed Kirke
  1569 | D        | Noticed a skeletal warrior
  1569 | D        | Noticed a yaktaur captain
  1575 | D        | Noticed a cane toad
  1576 | D        | Noticed an elephant
  1580 | D        | Killed a yaktaur captain
  1581 | D        | Reached skill level 1 in Alchemy
  1585 | D        | Killed Kirke
  1585 | D        | Killed a cane toad
  1585 | D        | Received a gift from Sif Muna
  1586 | D        | Reached skill level 10 in Invocations
  1587 | D        | Got Sif Muna's Papyrus of Sepulchral Conjuration {god gift}
  1587 | D        | Noticed a kobold demonologist
  1645 | D        | Killed an elephant
  1646 | D        | Reached skill level 1 in Long Blades
  1646 | D        | Reached XP level 11. HP: 53/74 MP: 19/26
  1691 | D        | Learned a level 6 spell: Starburst
  1695 | D        | Learned a level 3 spell: Mephitic Cloud
  1698 | D        | Noticed a centaur warrior
  1705 | D        | Killed a centaur warrior
  1719 | D        | Killed a skeletal warrior
  1817 | D        | Bought a potion of lignification for 42 gold pieces
  1817 | D        | Bought a potion of heal wounds for 70 gold pieces
  1839 | D        | Reached skill level 10 in Fire Magic
  1920 | D        | Received a gift from Sif Muna
  1926 | D        | Got Sif Muna's Compilation of the Unstable Discharge {god
                  | gift}
  1932 | D        | Noticed a shining eye
  1932 | D        | Noticed a shining eye
  1932 | D        | Noticed a fire dragon
  1932 | D        | Noticed a shining eye
  1938 | D        | Killed a fire dragon
  1942 | D        | Killed a shining eye
  1947 | D        | Killed a shining eye
  1952 | D        | Gained mutation: Your body sometimes deteriorates upon
                  | taking damage. [a shining eye]
  1953 | D        | Killed a shining eye
  1953 | D        | Received a gift from Sif Muna
  1954 | D        | Reached skill level 5 in Short Blades
  1954 | D        | Reached skill level 5 in Long Blades
  1956 | D        | Got Sif Muna's Verses on Execration {god gift}
  1971 | D        | Found Urghohe's Weapon Emporium.
  1971 | D        | Found Cekiutuh's General Store.
  1971 | D        | Found Qij Bugu's Book Shop.
  1971 | D        | Found Jallaos's Weapon Shoppe.
  1971 | D        | Found Qeacesh's Distillery.
  1972 | D        | Found Qibevvu's Magic Scroll Shoppe.
  1972 | D        | Found Baphi's Jewellery Boutique.
  1972 | D        | Found Coyr's Magic Scroll Emporium.
  1972 | D        | Found Tuntyit's General Store.
  1972 | D        | Found Buuj's Assorted Antiques.
  1972 | D        | Found Loecunaf's Armour Shop.
  1972 | D        | Found Curyull's Book Shoppe.
  1982 | D        | Bought a shiny marble ring for 130 gold pieces
  1990 | D        | Bought a ring of protection from cold for 275 gold pieces
  2061 | D        | Killed a death drake
  2165 | D        | Killed a kraken
  2166 | D        | Reached skill level 5 in Alchemy
  2280 | D        | Learned a level 7 spell: Orb of Destruction
  2423 | D        | Noticed a crystal guardian
  2437 | D        | Killed a crystal guardian
  2438 | D        | Reached skill level 1 in Evocations
  2438 | D        | Reached XP level 12. HP: 70/82 MP: 8/28
  2553 | D        | Reached skill level 10 in Dodging
  2672 | D        | Received a gift from Sif Muna
  2678 | D        | Got Sif Muna's Precepts of Bruises {god gift}
  2687 | D        | Noticed an iron elemental
  2698 | D        | Killed an iron elemental
  2706 | D        | Gained mutation: Your spells are a little harder to cast,
                  | but a little more powerful. [mutagenic glow]
  2758 | D        | Noticed a deep elf master archer
  2848 | D        | Shot with an arrow by a deep elf master archer

Illustrated notes

Levels and vault maps discovered:
D:        the_violet_keep_of_menkaure [sprint2_stairs_cluster_1,
          sprint2_shoproom, sprint2_temple, sprint2_basic_supplies,
          sprint2_obstacle_3, sprint2_obstacle_1, sprint2_obstacle_4,
          sprint2_obstacle_5, sprint2_obstacle_6, sprint2_timed_cluster_1,
          sprint2_smallroom_cluster_1, sprint2_smallroom_final_cluster_1,
          sprint2_transparent_cluster_1, sprint2_second_timed_cluster_1,
          sprint2_sniper_area_1, sprint2_heavy_combat_area_1,
          sprint2_mutation_trap_area_1, sprint2_forest_area_1,
          sprint2_light_combat_area_1, sprint2_behind_water_1,
          sprint2_near_end_vault_1]

Skill      XL: |  1  2  3  4  5  6  7  8  9 10 11 12 |
---------------+-------------------------------------+-----
Dodging        | 3 4 5 6 7 8 9 10 | 10.2
Stealth        | 4 5 7 8 |  8.3
Spellcasting   | 4 5 6 7 8 10 11 12 | 12.7
Conjurations   | 3 5 6 8 9 10 11 12 | 12.4
Fire Magic     | 4 5 6 7 8 9 11 | 11.6
Fighting       | 1 2 3 5 6 8 |  8.3
Hexes          | 1 2 3 5 |  5.0
Summonings     | 1 2 3 5 |  5.0
Translocations | 1 2 3 5 |  5.0
Invocations    | 2 4 5 8 10 12 | 12.5
Short Blades   | 3 5 6 |  6.1
Alchemy        | 3 5 |  5.0
Long Blades    | 1 5 |  5.9
Evocations     | 1 3 |  3.6

Action                     |  1- 3 |  4- 6 |  7- 9 | 10-12 || total
---------------------------+-------+-------+-------+-------++-------
  Melee: Unarmed           |     3 |    13 |       |       ||    16
         Tentacles         |     1 |     5 |     1 |    20 ||    27
         Constrict         |     1 |     2 |     1 |     6 ||    10
         Short sword       |       |       |     2 |       ||     2
         Cutlass           |       |       |       |    65 ||    65
         Punch             |       |       |       |     2 ||     2
  Throw: Dart              |       |       |       |     4 ||     4
   Cast: Foxfire           |     2 |     3 |    18 |    11 ||    34
         Scorch            |       |     7 |    24 |    18 ||    49
         Inner Flame       |       |     4 |    10 |    12 ||    26
         Call Imp          |       |     4 |     4 |     4 ||    12
         Call Canine Famil |       |     2 |     3 |     4 ||     9
         Flame Wave        |       |       |     5 |     1 ||     6
         Blink             |       |       |     2 |     3 ||     5
         Irradiate         |       |       |       |     8 ||     8
         Starburst         |       |       |       |     6 ||     6
         Orb of Destructio |       |       |       |     4 ||     4
         Mephitic Cloud    |       |       |       |     1 ||     1
 Invoke: Channel Magic     |       |       |     1 |     3 ||     4
         Forget Spell      |       |       |       |     2 ||     2
    Use: Potion            |     2 |       |     1 |     3 ||     6
         Scroll            |       |     6 |     1 |     2 ||     9
   Stab: Sleeping          |       |       |     1 |     6 ||     7
 Armour: Skin              |     1 |     6 |    17 |    47 ||    71
  Dodge: Dodged            |     1 |    10 |     9 |    37 ||    57
  Block: Other             |       |       |       |     9 ||     9

Table legend: (Time is in decaauts)
 A = Elapsed time spent in this place.
 B = Non-inter-level travel time spent in this place.
 C = Inter-level travel time spent in this place.
 D = Time resting spent in this place.
 E = Time spent auto-exploring this place.
 F = Levels seen in this place.
 G = Mean time per level.
                   A        B        C        D        E       F      G
               +--------+--------+--------+--------+--------+-----+--------+
         Total |   2812 |   2803 |      9 |   1297 |      0 |   1 | 2812.0 |
       Dungeon |   2812 |   2803 |      9 |   1297 |      0 |   1 | 2812.0 |
               +--------+--------+--------+--------+--------+-----+--------+

Top non-repeatable levels by time:
       D: 2812 daAuts
